Map: 中心协议

Players

shengy - Winner!

  • Race: Zerg Zerg
  • League: Platinum

Jack

  • Race: Protoss Protoss
  • League: Platinum

VOD

Have the link to the VOD?

Description

Time

  • Played on: Jan. 3, 2016, 9:03 a.m.
  • Length: 9:35
Show
View Real Time Build Order
Export as new Build Order

shengy Zerg - Winner!

Build Orders: Pool First 

Get SALT Encoding   

  12  0:01  Drone  
  13  0:08  Drone  
  14  0:17  Overlord  
  14  0:35  Drone  
  14  0:36  Drone x2  
  17  0:48  Drone  
  18  0:53  Spawning Pool  
  17  0:58  Drone  
  18  1:10  Drone  
  19  1:19  Hatchery  
  19  1:24  Drone  
  19  1:30  Overlord  
  19  1:42  Zergling x2  
  19  1:43  Queen  
  19  1:46  Extractor  
  21  1:57  Drone  
  22  2:05  Drone  
  23  2:12  Drone  
  24  2:20  Queen  
  26  2:25  Overlord  
  26  2:40  Roach Warren  
  26  2:42  Extractor  
  23  2:58  Drone x2  
  25  3:04  Spine Crawler  
  24  3:07  Spine Crawler  
  24  3:11  Drone  
  24  3:13  Zergling x2  
  25  3:21  Roach x5  
  35  3:34  Roach x3  
  35  3:35  Roach  
  43  3:54  Roach  
  43  4:03  Drone  
  43  4:04  Overlord x2  
  44  4:15  Burrow  
  44  4:21  Lair  
  44  4:24  Drone x2  
  44  4:25  Drone x2  
  48  4:41  Drone x5  
  53  4:50  Drone x3  
  56  5:05  Overlord  
  56  5:06  Overlord  
  56  5:10  Drone x2  
  56  5:11  Extractor x2  
  56  5:14  Evolution Chamber  
  56  5:15  Drone  
  56  5:16  Evolution Chamber  
  55  5:23  Drone x3  
  55  5:24  Roach x9  
  58  5:31  Glial Reconstitution  
  58  5:33  Hydralisk Den  
  57  5:41  Roach  
  57  5:44  Drone x4  
  57  5:45  Drone x2  
  57  5:49  Overlord  
  63  6:10  Lurker Den  
  63  6:11  Hydralisk x3  
  69  6:19  Hydralisk  
  69  6:25  Overseer  
  67  6:26  Overseer  
  67  6:32  Hydralisk  
  67  6:33  Hydralisk x4  
  65  6:53  Roach  
  65  6:54  Queen  
  65  6:57  Zerg Missile Weapons Level 1  
  65  6:58  Hydralisk  
  65  6:59  Hydralisk x3  
  75  7:04  Drone  
  75  7:05  Drone x2  
  75  7:06  Drone  
  79  7:10  Overseer, Ravager  
  79  7:16  Overseer  
  79  7:20  Zergling x2  
  79  7:22  Metabolic Boost  
  80  7:23  Overlord  
  80  7:48  Roach x7  
  80  7:50  Overlord  
  86  8:06  Roach  
  86  8:13  Roach  
  86  8:18  Hydralisk  
  86  8:19  Hydralisk x5  
  86  8:34  Lurker  
  86  8:39  Lurker  
  86  8:55  Hatchery  
  86  9:13  Overlord x3  
Show
View Real Time Build Order
Export as new Build Order

Jack Protoss 

Build Orders:  

Get SALT Encoding   

  12  0:01  Probe (Chrono Boost)  
  13  0:12  Probe (Chrono Boost)  
  14  0:17  Pylon  
  14  0:22  Probe (Chrono Boost)  
  15  0:35  Probe (Chrono Boost)  
  16  0:46  Probe (Chrono Boost)  
  17  0:58  Gateway  
  17  1:00  Gateway  
  17  1:01  Pylon  
  17  1:08  Probe (Chrono Boost), Assimilator  
  18  1:19  Probe (Chrono Boost)  
  19  1:29  Probe (Chrono Boost)  
  20  1:40  Probe (Chrono Boost)  
  20  1:43  Assimilator  
  20  1:45  Cybernetics Core  
  21  1:50  Probe (Chrono Boost)  
  21  1:52  Zealot x2  
  26  2:01  Pylon  
  26  2:22  Mothership Core (Chrono Boost)  
  28  2:23  Warp Gate  
  28  2:26  Adept  
  28  2:28  Adept  
  32  2:56  Gateway  
  32  2:58  Stalker (Chrono Boost)  
  34  3:01  Stalker (Chrono Boost)  
  36  3:12  Pylon  
  36  3:43  Stalker (Chrono Boost)  
  36  3:47  Stalker (Chrono Boost)  
  36  4:08  Twilight Council  
  36  4:14  Pylon  
  36  4:31  Stalker  
  38  4:33  Stalker  
  38  4:34  Stalker  
  42  4:48  Pylon  
  42  4:54  Dark Shrine  
  42  4:57  Zealot x2  
  46  5:13  Zealot  
  48  5:27  Pylon  
  48  5:29  Pylon  
  48  5:41  Nexus  
  48  6:06  Dark Templar x2  
  48  6:07  Dark Templar  
  54  6:20  Probe  
  55  6:32  Probe  
  54  6:45  Probe  
  55  6:52  Probe  
  50  6:57  Probe  
  50  7:00  Stalker  
  53  7:01  Stalker x2  
  53  7:03  Probe  
  53  7:05  Blink (Chrono Boost)  
  58  7:09  Probe  
  58  7:13  Probe  
  60  7:21  Probe  
  61  7:24  Probe  
  61  7:25  Pylon  
  61  7:29  Forge  
  62  7:33  Probe  
  62  7:34  Probe  
  60  7:45  Probe x2  
  58  7:57  Probe  
Tags
 
Add a new tag
Caveats
  • Supply blocks, unpowered buildings, or Contaminate may cause inaccurate times.
  • Supply counts are checked every 10 seconds.